 Dungeon Crawl Stone Soup version 0.20-a0-3-g334f831 (webtiles) character file.

81009 graymark the Nimble (level 15, -2/81 HPs)
             Began as an Octopode Conjurer on Oct 29, 2016.
             Was a High Priest of Vehumet.
             Killed from afar by a deep elf mage (31 damage)
             ... with a bolt of negative energy
             ... on level 12 of the Dungeon on Oct 30, 2016.
             The game lasted 04:42:09 (33897 turns).

graymark the Nimble (Octopode Conjurer)            Turns: 33897, Time: 04:42:10

Health: -2/81      AC:  8    Str: 15    XL:     15   Next: 68%
Magic:  29/47      EV: 21    Int: 22    God:    Vehumet [*****.]
Gold:   1598       SH:  0    Dex: 13    Spells: 12 memorised, 1 level left

rFire  + . .     SeeInvis +     U - staff of power
rCold  + + .     Gourm    .     (no shield)
rNeg   . . .     Faith    .     (helmet restricted)
rPois  .         Spirit   .     w - +3 amulet of reflection
rElec  .         Reflect  +     o - ring of stealth
rCorr  .         Harm     .     v - +5 ring of protection
MR     +++..                    V - ring of protection from magic
Stlth  +++++.....               X - +3 ring of strength
                                u - ring of protection from cold
                                Z - ring of protection from fire
                                S - ring of protection from cold
                                q - ring "Iseatt" {Str+3 SInv Stlth+}

@: confused, drained
A: almost no armour, stealthy swim, amphibious, 8 rings, constrict 8, beak,
molten scales 1, camouflage 1, magic resistance 1, gelatinous body 1
a: Renounce Religion


You were on level 12 of the Dungeon.
You worshipped Vehumet.
Vehumet was extremely pleased with you.
You were not hungry.

You visited 3 branches of the dungeon, and saw 19 of its levels.
You also visited: Ice Cave.

You collected 1891 gold pieces.
You spent 293 gold pieces at shops.

Inventory:

Hand Weapons
 k - a +1 dagger of holy wrath
 n - the +3 dagger "Nyucw" {pierce, SInv}
   (You found it on level 4 of the Lair of Beasts)

   It inflicts extra damage upon your enemies.
   It lets you see invisible.
Armour
 y - a +0 buckler
Magical Staves
 B - an uncursed staff of conjuration
 U - an uncursed staff of power (weapon)
Jewellery
 o - a ring of stealth (left tentacle)
 q - the ring "Iseatt" (on tentacle) {Str+3 SInv Stlth+}
   (You took it off a wizard on level 12 of the Dungeon)

   [ring of see invisible]

   It affects your strength (+3).
   It lets you see invisible.
   It makes you more stealthy.
 u - a ring of protection from cold (on tentacle)
 v - a +5 ring of protection (right tentacle)
 w - a +3 amulet of reflection (around mantle)
 I - an uncursed ring of ice
 S - a ring of protection from cold (on tentacle)
 V - a ring of protection from magic (on tentacle)
 X - a +3 ring of strength (on tentacle)
 Z - a ring of protection from fire (on tentacle)
Wands
 a - a wand of lightning (8/15)
 h - a wand of enslavement (8/24)
 x - a wand of acid (9/15)
 F - a wand of digging (4/24)
 J - a wand of lightning (0/15)
 K - a wand of lightning (8/15)
 P - a wand of digging (10/24)
Scrolls
 c - 4 scrolls of immolation
 j - 8 scrolls of teleportation
 r - a scroll of fear {unknown}
 z - 2 scrolls of magic mapping
 A - 4 scrolls of recharging
 C - 3 scrolls of fog
 D - a scroll of acquirement {unknown}
 L - a scroll of blinking
 O - a scroll of summoning
 Q - 4 scrolls of noise
 R - 2 scrolls of remove curse
 W - a scroll of enchant armour {unknown}
Potions
 d - 10 potions of curing
 e - 2 potions of might
 g - 2 potions of heal wounds
 l - a potion of ambrosia
 m - 2 potions of agility
 t - 3 potions of haste
 M - a potion of invisibility
 T - 5 potions of brilliance
 Y - a potion of lignification
Books
 i - a book of Flames

   Spells                             Type                      Level
   a - Flame Tongue                   Conjuration/Fire             1
   b - Throw Flame                    Conjuration/Fire             2
   c - Conjure Flame                  Conjuration/Fire             3
   d - Inner Flame                    Hexes/Fire                   3
   e - Sticky Flame                   Conjuration/Fire             4
   f - Fireball                       Conjuration/Fire             5
 E - the Tome of the Snowflakes and Earth
   (You found it on level 6 of the Lair of Beasts)

   Spells                             Type                      Level
   a - Freeze                         Ice                          1
   b - Passwall                       Transmutation/Earth          2
   c - Ozocubu's Armour               Charms/Ice                   3
   d - Throw Icicle                   Conjuration/Ice              4
   e - Petrify                        Transmutation/Earth          4
   f - Bolt of Magma                  Conjuration/Fire/Earth       5
   g - Iron Shot                      Conjuration/Earth            6
   h - Simulacrum                     Ice/Necromancy               6
Miscellaneous
 N - 2 boxes of beasts
Comestibles
 b - 8 bread rations
 f - 2 chunks of flesh
 p - 3 fruits
 s - 8 slices of pizza
 G - 6 royal jellies
 H - 7 meat rations


   Skills:
 + Level 13.9(13.1) Dodging
 + Level 11.9(11.1) Stealth
 + Level 2.8(2.2) Shields
 + Level 13.1(12.3) Spellcasting
 - Level 13.8(12.9) Conjurations
 - Level 3.8(3.1) Hexes
 - Level 9.0(8.3) Charms
 - Level 3.0(2.3) Earth Magic


You had one spell level left.
You knew the following spells:

 Your Spells              Type           Power        Failure   Level  Hunger
a - Magic Dart            Conj           ####         1%          1    None
b - Dazzling Spray        Conj/Hex       #####.       1%          3    None
c - Fulminant Prism       Conj/Hex       #####.....   1%          4    None
d - Iskenderun's Mystic   Conj           ######..     1%          4    None
e - Iskenderun's Battles  Conj/Chrm      ######..     1%          5    ####...
f - Regeneration          Chrm/Necr      ####......   2%          3    None
g - Apportation           Tloc           ##........   6%          1    None
h - Stone Arrow           Conj/Erth      #####.       1%          3    None
i - Mephitic Cloud        Conj/Pois/Air  ####....     1%          3    None
j - Bolt of Magma         Conj/Fire/Erth #####.....   4%          5    ####...
k - Ozocubu's Armour      Chrm/Ice       ####....     2%          3    None
l - Sticky Flame          Conj/Fire      #####...     1%          4    None


Dungeon Overview and Level Annotations

Branches:
Dungeon (12/15)            Temple (1/1) D:7            Lair (6/6) D:9
 Spider (0/4) Lair:3        Slime (0/5) Lair:5          Orc (0/2) D:12
  Swamp: Lair:2-4    Shoals: Lair:2-4

Altars:
Cheibriados
Fedhas
Gozag
Hepliaklqana
Kikubaaqudgha
Nemelex Xobeh
Okawaru
Qazlal
Ru
Sif Muna
Trog
Vehumet
Xom
Yredelemnul
The Shining One

Shops:
D:4 [*[   D:6 *

Annotations:
D:1 exclusion: downstairs
D:2 Terence
D:3 exclusion: 3 gnolls
Lair:2 exclusion: downstairs


Innate Abilities, Weirdness & Mutations

You cannot wear most types of armour.
You are very stealthy in the water. (Stealth+)
You are amphibious.
You can wear up to eight rings at the same time.
You can use your tentacles to constrict eight enemies at once.
Your skin changes colour to match your surroundings (Stealth+).
Your rubbery body absorbs attacks. (AC +1, EV +1)
You have a beak for a mouth.
You are partially covered in molten scales. (AC +2)
You are resistant to hostile enchantments. (MR+)


Message History

Press: ? - help, Dir - move target cursor, p - deep elf mage You conjure a prism of explosive energy!
The hell rat disappears in a puff of smoke!
The tarantella bites you!
The deep elf mage casts a spell.
The deep elf mage blinks!
The tarantella bites you!
You are confused.
The hell rat bites your fulminant prism!!
Your fulminant prism detonates feebly.
The tarantella closely misses you. The demonic crawler hits you.
The demonic crawler barely misses you. The demonic crawler closely misses you.
The tarantella completely misses you. The demonic crawler hits you.
The demonic crawler closely misses you. The demonic crawler misses you.
The tarantella bites you!
The deep elf mage points at you and mumbles some strange words.
The bolt of negative energy hits the demonic crawler.
The demonic crawler completely resists.
The bolt of negative energy hits you!
You feel drained.
You die...

#.. #### #.... #...
##.... #... ...... #...
......###############...
.......[<...(.....).(...
.................(.[....
...................#####
.......@sr.......<.#....
.......ss..........#....
.....†..4..######).#....
.........r.# #..#....
##.....%#.)e. #..#####
#.##...#..#.. #.......
#. #.#.#..#... #####...
. ....#..# #. #... #[..


You could see 2 demonic crawlers, an ice devil, a deep elf mage, a tarantella
and 2 hell rats.

Vanquished Creatures
  Frances (D:12)
  A frost giant (IceCv)
  A dire elephant (Lair:6)
  Snorg (D:11)
  Josephine (D:10)
  The ghost of sveltemanboy the Spear-Bearer, a journeyman DsGl of Ashenzari (IceCv)
  7 hydras
  A centaur warrior (D:12)
  Erica (Lair:1)
  An anaconda (Lair:6)
  7 death yaks (Lair:6)
  2 tengu warriors (D:12)
  A deep elf knight (D:12)
  Pikel (D:8)
  A wizard (D:12)
  4 hill giants
  9 oklob plants (Lair:2)
  A wolf spider (D:12)
  An orc knight (D:12)
  2 ugly things
  2 deep elf magi (D:12)
  A salamander (Lair:2)
  A manticore (D:12)
  3 cyclopes
  2 elephants
  Maurice (D:12)
  An ice statue (IceCv)
  4 black mambas
  2 torpor snails
  14 spiny frogs
  A komodo dragon (shapeshifter) (D:12)
  2 rime drakes
  12 komodo dragons
  19 polar bears
  2 trolls (D:11)
  4 two-headed ogres
  13 dream sheep
  24 blink frogs
  4 slime creatures
  9 hippogriffs
  3 redbacks (Lair:3)
  A spriggan (D:11)
  A centaur simulacrum (D:11)
  Eustachio (D:4)
  58 yaks
  3 basilisks
  6 wraiths
  6 wyverns
  A hungry ghost (D:11)
  A vampire mosquito (D:12)
  A swamp worm (Lair:3)
  Menkaure (D:7)
  16 water moccasins
  9 porcupines
  Duvessa (D:5)
  13 orc warriors
  6 ice beasts
  7 ogres
  A phantom (D:5)
  7 necrophages (Lair:2)
  20 wolves (IceCv)
  A centaur (D:9)
  17 crocodiles
  17 bullfrogs
  A big kobold (D:9)
  A gnoll sergeant (D:11)
  Dowan (D:5)
  A wyvern skeleton (D:11)
  2 scorpions
  32 killer bees
  6 howler monkeys
  7 wights
  4 electric eels
  9 crimson imps
  2 centaur zombies
  4 hounds
  13 orc priests
  A quasit (D:10)
  A bullfrog skeleton (D:11)
  3 jellies
  18 orc wizards
  A centaur skeleton (D:11)
  3 iguanas
  5 worker ants
  A killer bee zombie (D:10)
  A worker ant zombie (D:8)
  12 gnolls
  15 adders
  A howler monkey skeleton (D:7)
  2 river rats (Lair:3)
  2 shadow imps
  A white imp (D:11)
  2 ufetubi (D:11)
  2 adder zombies
  2 oozes
  2 adder skeletons
  A worm (D:5)
  2 dart slugs
  2 leopard geckos
  86 orcs
  3 ball pythons
  5 giant cockroaches
  2 gnoll zombies (D:7)
  7 goblins
  8 hobgoblins
  9 jackals
  11 kobolds
  6 quokkas
  3 bats
  4 frilled lizards
  A jackal skeleton (D:4)
  A leopard gecko skeleton (D:9)
  A leopard gecko zombie (D:5)
  8 rats
  A fungus (Lair:5)
  38 plants
721 creatures vanquished.

Vanquished Creatures (others)
  A polar bear (IceCv)
  A yak (IceCv)
  A slave (D:9)
  An orc priest (D:9)
  157 fulminant prisms
  11 fungi
  13 plants
185 creatures vanquished.

Grand Total: 906 creatures vanquished

Notes
Turn   | Place    | Note
-------+----------+-------------------------------------------
     0 | D:1      | graymark the Octopode Conjurer began the quest for the Orb.
     0 | D:1      | Reached XP level 1. HP: 11/11 MP: 3/3
   268 | D:1      | Reached XP level 2. HP: 17/17 MP: 1/5
  1025 | D:1      | Reached XP level 3. HP: 21/21 MP: 3/6
  1762 | D:2      | Noticed Terence
  1868 | D:2      | Learned a level 3 spell: Dazzling Spray
  2173 | D:3      | Found a deep blue altar of Sif Muna.
  2276 | D:3      | Reached XP level 4. HP: 27/27 MP: 3/8
  2503 | D:3      | Reached XP level 5. HP: 16/31 MP: 0/9
  4049 | D:4      | Noticed an ogre
  4212 | D:4      | Reached skill level 5 in Conjurations
  4212 | D:4      | Reached XP level 6. HP: 19/36 MP: 5/11
  4519 | D:4      | Learned a level 4 spell: Fulminant Prism
  4535 | D:4      | Found Poeseuc's Antique Armour Boutique.
  4603 | D:4      | Found Ynaclaic's Assorted Antiques.
  4610 | D:4      | Bought a fuming silvery potion for 29 gold pieces
  4613 | D:4      | Found Leacrizi's Antique Armour Shoppe.
  4740 | D:4      | Reached skill level 5 in Stealth
  5244 | D:4      | Found an opulent altar of Gozag.
  5337 | D:4      | Noticed Eustachio
  5513 | D:4      | Killed Eustachio
  5513 | D:4      | Reached skill level 1 in Hexes
  5513 | D:4      | Reached XP level 7. HP: 41/41 MP: 6/13
  5950 | D:5      | Entered Level 5 of the Dungeon
  6472 | D:5      | Reached XP level 8. HP: 46/46 MP: 9/14
  6504 | D:5      | Learned a level 4 spell: Iskenderun's Mystic Blast
  7153 | D:5      | Reached skill level 5 in Dodging
  7444 | D:5      | Noticed Duvessa
  7456 | D:5      | Reached skill level 5 in Spellcasting
  7673 | D:5      | Noticed Dowan
  8043 | D:5      | Killed Duvessa
  8085 | D:5      | Killed Dowan
  8170 | D:5      | Found a blossoming altar of Fedhas.
  8324 | D:6      | Noticed a two-headed ogre
  8472 | D:6      | Learned a level 5 spell: Iskenderun's Battlesphere
  8491 | D:6      | Found Fumeod's Assorted Antiques.
  8494 | D:6      | Bought a scroll labeled CAPOVV LAOSESCH for 24 gold pieces
  8494 | D:6      | Bought a scroll labeled VOILUU ORINARE for 24 gold pieces
  8494 | D:6      | Bought a potion of heal wounds for 120 gold pieces
  8494 | D:6      | Bought a shiny lead wand for 96 gold pieces
  9090 | D:6      | Reached skill level 1 in Charms
  9090 | D:6      | Reached XP level 9. HP: 51/51 MP: 9/17
  9322 | D:6      | Killed a two-headed ogre
  9530 | D:7      | Found a staircase to the Ecumenical Temple.
  9541 | Temple   | Entered the Ecumenical Temple
  9547 | Temple   | Became a worshipper of Vehumet
  9731 | D:7      | Found a sacrificial altar of Ru.
 10040 | D:7      | Found a bloodstained altar of Trog.
 10157 | D:7      | Found a stormy altar of Qazlal.
 10181 | D:7      | Noticed Menkaure
 10185 | D:7      | Killed Menkaure
 10464 | D:7      | Found a basalt altar of Yredelemnul.
 10618 | D:7      | Found a deep blue altar of Sif Muna.
 11236 | D:8      | Noticed Pikel
 11257 | D:8      | Paralysed by Pikel for 6 turns
 11279 | D:8      | Killed Pikel
 11279 | D:8      | Reached XP level 10. HP: 54/56 MP: 3/20
 11295 | D:8      | Reached * piety under Vehumet
 11295 | D:8      | Offered knowledge of Sting by Vehumet.
 11791 | D:9      | Found a staircase to the Lair.
 12167 | D:9      | Found an iron altar of Okawaru.
 12485 | D:9      | Reached skill level 5 in Charms
 12625 | D:9      | Noticed a cyclops
 12637 | D:9      | Killed a cyclops
 12957 | Lair:1   | Entered Level 1 of the Lair of Beasts
 13019 | Lair:1   | Noticed a six-headed hydra
 13099 | Lair:1   | Noticed a spiny frog
 13116 | Lair:1   | Killed a spiny frog
 13952 | Lair:1   | Noticed Erica
 13967 | Lair:1   | Killed Erica
 14250 | Lair:2   | Reached XP level 11. HP: 61/61 MP: 16/22
 14676 | Lair:2   | Reached ** piety under Vehumet
 14676 | Lair:2   | Offered knowledge of Throw Flame by Vehumet.
 14756 | Lair:2   | Learned a level 3 spell: Regeneration
 15387 | Lair:2   | Noticed an oklob plant
 15828 | Lair:2   | Noticed an oklob plant
 15828 | Lair:2   | Noticed an oklob plant
 15843 | Lair:2   | Noticed an oklob plant
 15867 | Lair:2   | Killed an oklob plant
 15949 | Lair:2   | Reached skill level 10 in Conjurations
 16009 | Lair:2   | Noticed an oklob plant
 16119 | Lair:2   | Killed an oklob plant
 16172 | Lair:2   | Noticed an oklob plant
 16176 | Lair:2   | Noticed a salamander
 16274 | Lair:2   | Killed a salamander
 16520 | Lair:2   | Noticed an oklob plant
 16524 | Lair:2   | Killed an oklob plant
 16552 | Lair:2   | Killed an oklob plant
 16552 | Lair:2   | Reached XP level 12. HP: 66/66 MP: 4/25
 16669 | Lair:2   | Learned a level 1 spell: Apportation
 17422 | Lair:2   | Reached skill level 10 in Dodging
 18379 | Lair:2   | Offered knowledge of Throw Frost by Vehumet.
 18824 | Lair:3   | Noticed a five-headed hydra
 18942 | Lair:3   | Noticed a four-headed hydra
 19317 | Lair:3   | Killed a five-headed hydra
 19317 | Lair:3   | Reached *** piety under Vehumet
 19321 | Lair:3   | Reached skill level 10 in Spellcasting
 19470 | Lair:3   | Found a hole to the Spider Nest.
 19807 | Lair:3   | Killed a four-headed hydra
 19984 | Lair:3   | Offered knowledge of Stone Arrow by Vehumet.
 19989 | Lair:3   | Learned a level 3 spell: Stone Arrow
 20184 | Lair:3   | Reached XP level 13. HP: 67/71 MP: 14/27
 20577 | Lair:3   | Reached **** piety under Vehumet
 21043 | Lair:4   | Offered knowledge of Mephitic Cloud by Vehumet.
 21335 | Lair:4   | Learned a level 3 spell: Mephitic Cloud
 21398 | Lair:4   | Got a warped dagger
 21399 | Lair:4   | Identified the cursed +3 dagger "Nyucw" {pierce, SInv} (You found it on level 4 of the Lair of Beasts)
 22591 | Lair:5   | Reached ***** piety under Vehumet
 22674 | Lair:5   | Found a staircase to the Slime Pits.
 23306 | Lair:5   | Offered knowledge of Yara's Violent Unravelling by Vehumet.
 23826 | Lair:6   | Entered Level 6 of the Lair of Beasts
 24246 | Lair:6   | Reached XP level 14. HP: 76/76 MP: 29/29
 25716 | Lair:6   | Noticed a dire elephant
 25781 | Lair:6   | Noticed a dire elephant
 25784 | Lair:6   | Noticed a dire elephant
 25816 | Lair:6   | Killed a dire elephant
 26520 | Lair:6   | Noticed a dire elephant
 26833 | Lair:6   | Noticed a dire elephant
 26833 | Lair:6   | Noticed a dire elephant
 26835 | Lair:6   | Identified the Tome of the Snowflakes and Earth (You found it on level 6 of the Lair of Beasts)
 27487 | D:10     | Entered Level 10 of the Dungeon
 27711 | D:10     | Offered knowledge of Spellforged Servitor by Vehumet.
 27815 | D:10     | Noticed Josephine
 27819 | D:10     | Killed Josephine
 28203 | D:10     | Gained mutation: You are resistant to hostile enchantments. (MR+) [potion of mutation]
 28203 | D:10     | Gained mutation: You are partially covered in molten scales. (AC +2) [potion of mutation]
 28203 | D:10     | Gained mutation: You have a beak for a mouth. [potion of mutation]
 28740 | D:10     | Learned a level 5 spell: Bolt of Magma
 28963 | D:10     | Upgraded the game from 0.20-a0-2-g2b0e13a to 0.20-a0-3-g334f831
 29012 | D:11     | Found a frozen archway.
 29025 | IceCv    | Entered an ice cave
 29140 | IceCv    | Reached skill level 10 in Stealth
 29802 | IceCv    | Reached XP level 15. HP: 81/81 MP: 31/31
 29910 | IceCv    | Learned a level 3 spell: Ozocubu's Armour
 30140 | IceCv    | Noticed sveltemanboy's ghost (journeyman DsGl)
 30155 | IceCv    | Killed sveltemanboy's ghost
 30267 | IceCv    | Reached skill level 1 in Earth Magic
 30591 | IceCv    | Offered knowledge of Bolt of Cold by Vehumet.
 30607 | IceCv    | Noticed a frost giant
 30622 | IceCv    | Killed a frost giant
 31534 | D:11     | Noticed Snorg
 31656 | D:11     | Killed Snorg
 31893 | D:11     | Learned a level 4 spell: Sticky Flame
 32242 | D:12     | Noticed Maurice
 32247 | D:12     | Killed Maurice
 32483 | D:12     | Reached skill level 1 in Shields
 32931 | D:12     | Offered knowledge of Poison Arrow by Vehumet.
 32967 | D:12     | Noticed Frances
 32973 | D:12     | Killed Frances
 33129 | D:12     | Found a staircase to the Orcish Mines.
 33527 | D:12     | Got a vibrating jade ring
 33529 | D:12     | Identified the ring "Iseatt" {Str+3 SInv Stlth+} (You took it off a wizard on level 12 of the Dungeon)
 33897 | D:12     | Killed from afar by a deep elf mage

Vault maps used:
D:1:      minmay_arrival_nine_rooms
D:2:      uniq_terence
D:3:      lemuel_crystal_altar, item_on_display_a
D:4:      grunt_gozag_breadcrumbs, serial_shops, shop, kennysheep_little_box,
          nicolae_shop_waterfront, uniq_eustachio
D:5:      kennysheep_spiral_hall, first_bread, fedhas_altar_2, uniq_duvessa
D:6:      serial_shops, kennysheep_mini_moat
D:7:      kennysheep_orc_sif_temple, lemuel_zombie_altar_yredelemnul,
          nicolae_overflow_hidden_temple,
          chequers_temple_overflow_statue_of_worship, uniq_menkaure
D:8:      minivault_14, uniq_pikel
D:9:      lemuel_round_altar, lair_0_dummy
D:10:     special_room, uniq_josephine
D:11:     serial_ice, serial_ice_k, serial_ice_n, serial_ice_m, serial_ice_e,
          serial_ice_d, portal_ice_cave_entry_pillars_1, grunt_pizzeria,
          minmay_misc_feat_roman, uniq_snorg
D:12:     minmay_swirls_squares, hiddenorc2_lemuel,
          minmay_checkered_concentric_circles, uniq_maurice, uniq_frances
Temple:   eino_narrow_crystal_temple
Lair:1:   uniq_erica
Lair:2:   minmay_lair_oklob_tunnel, roderic_carrion_pond
Lair:3:   regret_index_bee_streams, nicolae_swamp_entry_splash_gauntlet,
          spider_nest_entry_webs
Lair:5:   minmay_slime_entry_pillars
Lair:6:   due_jungle_book, serial_bayou_shore_b
IceCv:    ice_cave_caverns_02

Skill      XL: |  1  2  3  4  5  6  7  8  9 10 11 12 13 14 15 |
---------------+----------------------------------------------+-----
Stealth        | 3 4 5 6 10 11 | 11.9
Spellcasting   | 3 4 5 6 7 9 10 11 12 13 | 13.1
Dodging        | 3 4 5 7 8 9 10 12 13 | 13.9
Conjurations   | 5 6 8 9 10 11 12 13 | 13.8
Hexes          | 1 2 3 |  3.8
Charms         | 1 4 6 7 9 |  9.0
Earth Magic    | 3 |  3.0
Shields        | 2 |  2.8

Action                   |  1- 3 |  4- 6 |  7- 9 | 10-12 | 13-15 || total
-------------------------+-------+-------+-------+-------+-------++-------
Melee: Unarmed           |     5 |    22 |       |       |       ||    27
       Constrict         |     1 |    10 |    16 |    15 |     9 ||    51
       Tentacles         |     1 |    10 |    10 |    29 |    23 ||    73
       Short sword       |       |    25 |    30 |       |       ||    55
       Dagger            |       |       |    52 |   117 |    77 ||   246
       Staff             |       |       |       |       |     5 ||     5
 Cast: Magic Dart        |    67 |   142 |   277 |   311 |   676 ||  1473
       Dazzling Spray    |       |     4 |     6 |     7 |     3 ||    20
       Iskenderun's Myst |       |       |     6 |    17 |   118 ||   141
       Fulminant Prism   |       |       |    21 |   100 |    36 ||   157
       Iskenderun's Batt |       |       |       |    62 |   208 ||   270
       Regeneration      |       |       |       |     5 |     2 ||     7
       Apportation       |       |       |       |    12 |    12 ||    24
       Stone Arrow       |       |       |       |       |    91 ||    91
       Mephitic Cloud    |       |       |       |       |     3 ||     3
       Bolt of Magma     |       |       |       |       |     8 ||     8
       Ozocubu's Armour  |       |       |       |       |     5 ||     5
Evoke: Wand              |       |       |       |    12 |     2 ||    14
  Use: Potion            |       |     1 |       |     6 |     4 ||    11
       Scroll            |       |     7 |     8 |     9 |    12 ||    36
 Stab: Sleeping          |     1 |     2 |     3 |     3 |       ||     9
       Invisible         |       |       |     2 |     1 |       ||     3
  Eat: Chunk             |     4 |    10 |    16 |    28 |    59 ||   117
       Meat ration       |       |       |     1 |     1 |       ||     2
       Beef jerky        |       |       |     1 |     1 |     1 ||     3
       Fruit             |       |       |       |    10 |       ||    10
       Pizza             |       |       |       |     4 |     3 ||     7
       Bread ration      |       |       |       |       |     1 ||     1
       Royal jelly       |       |       |       |       |     2 ||     2
Armor: Skin              |     2 |    18 |    10 |    20 |    24 ||    74
Dodge: Dodged            |     6 |    85 |    66 |    90 |   195 ||   442
Block: Other             |       |     2 |    17 |    20 |    22 ||    61
       Reflection        |       |       |     1 |       |       ||     1
